[Event "American Cup Blitz 2024"]
[Site "Saint Louis"]
[Date "2024.03.21"]
[Round "7.4"]
[White "Aronian, Levon"]
[Black "Naroditsky, Daniel"]
[Result "0-1"]
[ECO "B04"]
[WhiteElo "2722"]
[BlackElo "2619"]
[Annotator "TA"]
[PlyCount "68"]
[EventDate "2024.03.21"]
[EventType "swiss"]
[EventCountry "USA"]
[SourceTitle "playchess.com"]
[Source "ChessBase"]
[SourceQuality "1"]
[TimeControl "180+2"]

1. e4 Nf6 2. e5 Nd5 3. d4 d6 4. Nf3 dxe5 5. Nxe5 c6 6. Be2 Bf5 7. O-O Nd7 8. Nf3 e6 {[%emt 0:00:01] White is slightly better.} 9. c4 N5f6 10. Nc3 Bd6 11. Nh4 Bg6 12. g3 O-O 13. Nxg6 hxg6 14. Be3 e5 15. d5 Bc5 16. Bxc5 Nxc5 17. b4 Nce4 18. Nxe4 Nxe4 19. dxc6 bxc6 20. Qc2 Ng5 21. c5 a5 22. Rad1 Qe7 23. Rd6 axb4 24. Bc4 (24. h4 $11 {remains equal.} Ne6 25. Bg4) 24... e4 $17 25. Kg2 Ra5 26. Bb3 Qe5 27. h4 (27. Rxc6 $2 {is the wrong capture.} Qf5 28. f4 Qh3+ (28... exf3+ $2 29. Kh1 $19) 29. Kf2 Qxh2+ 30. Ke1 Qxg3+ 31. Kd1 Qh3 $19) (27. Rxg6 $17 Rxc5 28. Rxg5 Qxg5 29. Qxe4) 27... Rxc5 $19 (27... Qxc5 $2 {perishes.} 28. Qxc5 (28. Rxg6 $2 Qxc2 29. Bxc2 fxg6 $19) 28... Rxc5 29. hxg5 $18) 28. Qd1 {[%emt 0:00:01] [#]} e3 $1 {[%emt 0:00:07] ...e2 is the strong threat.} 29. Qd4 (29. Rd8 Ne4) 29... Ne4 30. Qxe5 Rxe5 31. Rxc6 Nxf2 32. Re1 Nd3 (32... Kh7 $19 {Strongly threatening ...Nd3.} 33. Rc4 f5) 33. Re2 $17 Rfe8 (33... Nc5 $17 {And now ...Rd8 would win.} 34. Rd6 Nxb3 35. axb3 Re4) 34. Rxg6 $2 {[%emt 0:00:02][%mdl 8192] [#]} (34. Rc7 $15 Rf5 35. Bc4) 34... Nc1 {[%emt 0:00:01] Weighted Error Value: White=0.37/Black=0.12 (very precise) .  Loses game:     	White=1     	---        Mistake:       	White=2     	Black=2      Inaccurate:     	White=2     	Black=1      OK:         	White=12    	Black=14     Best:        	White=2     	Black=2} 0-1

[Event "American Cup Blitz 2024"]
[Site "Saint Louis"]
[Date "2024.03.21"]
[Round "7.5"]
[White "Quesada Perez, Yuniesky"]
[Black "Shankland, Sam"]
[Result "0-1"]
[ECO "B50"]
[WhiteElo "2591"]
[BlackElo "2674"]
[Annotator "TA"]
[PlyCount "114"]
[EventDate "2024.03.21"]
[EventType "swiss"]
[EventCountry "USA"]
[SourceTitle "playchess.com"]
[Source "ChessBase"]
[SourceQuality "1"]
[TimeControl "180+2"]

1. e4 c5 2. Nf3 d6 3. Bc4 Nf6 4. d3 e6 5. c3 Be7 6. Bb3 {[%emt 0:00:04] B50: Sicilian: 2...d6, Miscellaneous.} O-O 7. O-O b6 8. Re1 Bb7 9. Nbd2 Nbd7 10. Nf1 b5 $5 {[%emt 0:00:11][%mdl 4] Leaves trodden paths.} 11. Bc2 a5 12. a4 b4 13. Ng3 $146 ({Predecessor:} 13. Ne3 Qc7 14. Nc4 d5 15. exd5 Nxd5 16. Bd2 Bf6 17. Ne3 Nxe3 18. Rxe3 Nb6 19. Bb3 {0-1 Karthik,R (2302)-Korobov,A (2664) Titled Tuesday intern op 18th Apr Early blitz 2023 (2)}) 13... Qc7 14. d4 cxd4 15. cxd4 Rfc8 16. Bd3 Ba6 17. Bxa6 Rxa6 18. d5 exd5 19. exd5 Bf8 20. Nf5 Qc2 21. Qxc2 Rxc2 22. N3d4 Rc5 23. Ne3 Ne5 (23... Nxd5 $6 24. Nb3 $11) (23... g6 $17) 24. Rd1 g6 (24... Nxd5 25. Nb3 Nf4 26. Nxc5 dxc5 27. b3 $16) 25. Nb3 (25. Nb5 $11) 25... Rc8 $15 26. f4 Nc4 (26... Ned7 $1 $17 27. Bd2 Nb6) 27. Nxc4 $1 $11 Rxc4 28. Be3 Bg7 29. Bd4 Ra8 (29... Nxd5 $2 30. Bxg7 Ne3 31. Re1 $18 (31. Rd3 Nc2 $14)) 30. g3 Rcc8 (30... Nxd5 $2 31. Bxg7 Ne3 32. Bf6 (32. Rd3 Nc2 $16) 32... Nxd1 33. Rxd1 $18) 31. Rd2 Ne4 (31... Nxd5 $2 {loses.} 32. Bxg7 Nxf4 33. Bh6 $18 (33. gxf4 Kxg7 34. Kf2 Rc4 $18)) 32. Rd3 (32. Re2 $11 Nc5 33. Bxc5 dxc5 34. Rd1) 32... Rc2 33. Bxg7 Kxg7 34. Rb1 Nc5 35. Nxc5 Rxc5 ({Of course not} 35... dxc5 $6 36. b3 $11) 36. Rd2 Re8 37. Kf2 Re4 38. Kf3 f5 ({Better is} 38... Re7 $1 39. Rf1 h5) 39. Rbd1 $17 {[%emt 0:00:04] [#]} Kf6 (39... Kh6 $1 $17 40. Rf2 b3) 40. h3 {[%emt 0:00:03] [#]} (40. Re2 $15) 40... h5 ({Black should play} 40... g5 $1 $17 {[%cal Rg5f4] Strongly threatening ...gxf4.} 41. Re2 Rxe2 42. Kxe2 gxf4 43. gxf4 Rc2+ 44. Kd3 Rxb2) 41. g4 $2 (41. h4 $1 $11) 41... Rcc4 42. gxh5 $2 (42. g5+ Kf7 43. b3 Rxf4+ 44. Kg3) 42... Rxf4+ $19 43. Kg3 (43. Kg2 $142 gxh5 44. Rb1) 43... gxh5 $19 44. Re1 h4+ 45. Kg2 Rfe4 46. Rf1 Ke5 47. Kh2 Rcd4 48. Rc2 Rxd5 49. Rg1 Rd3 50. Rg8 d5 51. Re8+ Kd4 52. Ra8 Ree3 53. Rxa5 Rxh3+ 54. Kg2 Rdg3+ 55. Kf1 Rh1+ 56. Ke2 Rg2+ 57. Kf3 Rxc2 0-1

[Event "American Cup Blitz 2024"]
[Site "Saint Louis"]
[Date "2024.03.21"]
[Round "7.6"]
[White "Akobian, Varuzhan"]
[Black "Antipov, Mikhail Al."]
[Result "1/2-1/2"]
[ECO "D14"]
[WhiteElo "2571"]
[BlackElo "2573"]
[Annotator "TA"]
[PlyCount "60"]
[EventDate "2024.03.21"]
[EventType "swiss"]
[EventCountry "USA"]
[SourceTitle "playchess.com"]
[Source "ChessBase"]
[SourceQuality "1"]
[TimeControl "180+2"]

1. d4 Nf6 2. Nf3 d5 3. c4 c6 4. cxd5 cxd5 5. Nc3 Nc6 6. Bf4 Bf5 7. e3 e6 8. Bd3 Bxd3 9. Qxd3 Bd6 10. Bxd6 Qxd6 11. O-O O-O 12. Rfc1 Rfc8 13. h3 h6 {[%emt 0:00:02] Die Stellung ist ausgeglichen.} 14. a3 Na5 15. Nd2 {[%emt 0:00:03] Lässt Nb3 nicht zu} Qd8 16. Ne2 Rxc1+ 17. Rxc1 Rc8 18. Rxc8 Qxc8 19. Qc3 Qxc3 20. Nxc3 $11 {[%emt 0:00:01][%mdl 4096] Endspiel. KNN-KNN} Ne8 21. Kf1 Nd6 22. b3 Kf8 23. Ke2 Ke7 24. Kd3 f6 25. Kc2 Nc6 26. Kd3 Kd7 27. Kc2 Ke7 28. Kd3 Kd7 29. Kc2 Ke7 30. Kd3 Kd7 {[%emt 0:00:05] Hier war wenig los.   Gewichteter Fehlerwert: Weiß=0.02 (makellos) /Schwarz=0.01 (makellos) .  OK:         	Weiß=5     	Schwarz=7} 1/2-1/2

[Event "American Cup Blitz 2024"]
[Site "Saint Louis"]
[Date "2024.03.21"]
[Round "7.7"]
[White "Le, Quang Liem"]
[Black "Raja Harshit"]
[Result "1-0"]
[ECO "D40"]
[WhiteElo "2731"]
[BlackElo "2458"]
[Annotator "TA"]
[PlyCount "93"]
[EventDate "2024.03.21"]
[EventType "swiss"]
[EventCountry "USA"]
[SourceTitle "playchess.com"]
[Source "ChessBase"]
[SourceQuality "1"]
[TimeControl "180+2"]

1. Nf3 Nf6 2. c4 e6 3. Nc3 d5 4. e3 c5 5. d4 Nc6 6. a3 h6 7. dxc5 Bxc5 8. b4 Be7 {[%emt 0:00:07] Weiß steht etwas besser.} 9. Bb2 O-O 10. Qc2 dxc4 11. Bxc4 a6 12. Bd3 {[%emt 0:00:19] [#] Weiß steht aktiver.} (12. O-O $14) 12... Bxb4 $1 $15 13. Rd1 {[%emt 0:00:16][%cal Od3h7] Droht Bh7+! und aus.} (13. axb4 $2 Nxb4 $19) 13... Bd6 14. Ne4 Nxe4 15. Bxe4 Qa5+ 16. Nd2 Be5 (16... Bxa3 $2 17. Ra1 $18) 17. O-O {[%emt 0:00:02] Nc4 wäre nun fies.} Bxb2 18. Qxb2 Qe5 19. Qb1 Bd7 20. Nc4 {[%emt 0:00:02] Verhindert Na5} Qc7 21. Nd6 Rab8 22. Rd2 (22. Qc2 $11) 22... Ne5 (22... Ne7 $17 23. Rc1 Bc6 24. Bxc6 Nxc6) 23. Qb2 $11 Ng4 24. Rc1 (24. h3 $5 Nf6 $8 25. Rc1 $11) 24... Bc6 25. h3 Nf6 26. Bxc6 bxc6 27. Qc3 Rfd8 28. Qxc6 Qxc6 29. Rxc6 a5 30. Rdc2 g5 31. R2c5 Rb1+ 32. Kh2 Rb2 (32... Rd1 $11 33. Nf5 Ne4 34. Nxh6+ Kg7 35. Nxf7 Kxf7) 33. f3 (33. Rxa5 Rxf2 34. Ra7 Nd5 $11) (33. Rc8 $1 $14 Rb8 34. Rxb8 Rxb8 35. Rc7 (35. Rxa5 Rb6 $16)) 33... Nd5 34. Nc4 Rc2 35. Kg3 $2 (35. Rxa5 $2 Nxe3 36. Rd6 Rxg2+ (36... Nxc4 37. Rxd8+ Kg7 38. Rc5 $16) 37. Kh1 Rxd6 (37... Nxc4 $2 38. Rxd8+ Kh7 39. Kxg2 $18) 38. Nxd6 Rg3 $19) (35. Nxa5 $11 Rxc5 36. Rxc5) 35... Kg7 (35... Ne7 $19 36. Ra6 Rd1) 36. a4 $2 {[%emt 0:00:00] [#]} (36. Nxa5 $17 {kämpft weiter.} Ra2 (36... Rxc5 37. Rxc5 Nxe3 38. Nc4 $11) 37. Rc2 Rxa3 38. Nc4) 36... Rb8 (36... Ne7 $1 $19 37. Nxa5 Ra2 (37... Nxc6 $2 38. Nxc6 Rxc5 39. Nxd8 $19)) 37. Rb5 Rd8 ({Günstiger ist} 37... Rxb5 $19 38. axb5 Ne7) 38. Nxa5 $2 {[%emt 0:00:01] [#]} (38. Rxa5 $2 {verliert.} Nxe3 39. Nxe3 Rxc6 $19) (38. Rbc5 $1 $11 {und Weiss ist OK.}) 38... Ra2 ({Besser ist} 38... Nc3 $1 $19 {( -> ...Rdd2)} 39. h4 Rdd2 40. hxg5 Rxg2+ 41. Kf4 h5) 39. Nc4 {[%emt 0:00:03] Verhindert Rdd2.} Nc3 (39... Ne7 $11 40. Rcb6 Rxa4) 40. Rb7 $16 Ne2+ $2 (40... Kg6 $16) 41. Kh2 $18 Rc2 $2 (41... Kf6 42. Nd6 Rf8) 42. Ne5 Rxc6 43. Nxc6 Rd5 44. a5 Nc1 $2 (44... Rc5) 45. a6 {[%emt 0:00:00] Droht stark a7. Weiß steht klar auf Gewinn.} Rd2 46. a7 Ra2 47. Rb8 {[%emt 0:00:00] Gewichteter Fehlerwert: Weiß=0.43/Schwarz=0.47.  Verlustzug:     	Weiß=3     	Schwarz=1     Gewinn verpasst:   	---       	Schwarz=1     Fehler:       	Weiß=3     	Schwarz=8     Ungenau:       	Weiß=2     	---        OK:         	Weiß=14    	Schwarz=9     Bester:       	Weiß=3     	Schwarz=2     Brilliant:      	---       	Schwarz=1} 1-0

[Event "American Cup Blitz 2024"]
[Site "Saint Louis"]
[Date "2024.03.21"]
[Round "7.8"]
[White "Robson, Ray"]
[Black "Gledura, Benjamin"]
[Result "1/2-1/2"]
[ECO "E43"]
[WhiteElo "2696"]
[BlackElo "2616"]
[Annotator "TA"]
[PlyCount "144"]
[EventDate "2024.03.21"]
[EventType "swiss"]
[EventCountry "USA"]
[SourceTitle "playchess.com"]
[Source "ChessBase"]
[SourceQuality "1"]
[TimeControl "180+2"]

1. d4 Nf6 2. c4 e6 3. Nc3 Bb4 4. e3 b6 5. Bd3 Bb7 6. Nge2 Bxg2 7. Rg1 Bf3 {[%emt 0:00:02] E43: Nimzo-Indian: Rubinstein: 4...b6.} 8. Qc2 g6 {[%emt 0:00:27] is the legacy move (8...Nc6).} 9. e4 c5 $146 ({Predecessor:} 9... Nc6 10. Be3 Ng4 11. O-O-O Nxe3 12. fxe3 Bxc3 13. Qxc3 d6 14. Rdf1 Bxe2 15. Bxe2 e5 {1-0 Garriga Cazorla,P (2448)-Blanco Diez,D (2279) Titled Tuesday intern op 29th Aug Early blitz 2023 (7)}) 10. e5 Nh5 11. Bg5 Qc8 12. O-O-O Bxc3 13. Nxc3 cxd4 14. Nb5 O-O 15. Rde1 Nc6 16. Qd2 f5 17. exf6 Nxf6 18. Bh6 Bh5 19. Bxf8 Qxf8 20. f4 Kh8 21. Kb1 a6 22. Na3 Rc8 23. Nc2 Qd6 24. Rg5 Ne7 25. Rge5 Bf3 26. a3 a5 27. Qf2 Bc6 28. Qxd4 Qxd4 29. Nxd4 Kg7 30. b4 axb4 31. axb4 Kf7 32. Kb2 Nf5 33. Nxc6 Rxc6 34. Ra1 Rd6 (34... Nh5 $142) 35. Kc3 $1 $16 Rc6 36. Kb2 (36. Ra7 $16) 36... Ke7 (36... Rd6 $1 $11 37. Kc3 Nh5) 37. Ra6 $16 Nd6 (37... Ng4 $142) 38. Kb3 $1 $16 Nc8 39. Bf1 (39. c5 $18) 39... Rc7 (39... Nh5 $142) 40. h3 Nh5 41. Re4 ({White has to play} 41. c5 $1 $18 ) 41... Ng3 $1 $11 42. Re1 Nh5 43. c5 bxc5 44. Rc1 Nxf4 (44... d6 $11) 45. Rxc5 $14 Rxc5 46. bxc5 Kd8 47. Ra8 Kc7 {[%emt 0:00:01] [#]} (47... Nd5 $16) 48. Ba6 $1 $18 Ne7 {[%emt 0:00:02] [#]} 49. Re8 (49. Ra7+ $1 $16 Kd8 (49... Kc6 50. Kc4 d5+ 51. Kb4) 50. Bb5) 49... Nfd5 $11 50. h4 d6 51. Kc4 dxc5 52. Kxc5 h5 (52... h6 $11) 53. Bd3 $16 Kd7 54. Bb5+ Kc7 55. Ba4 Nf5 $1 56. Rxe6 Nf4 $1 57. Rf6 Kd8 58. Rf7 Ne6+ 59. Kd5 Nf4+ 60. Ke4 (60. Ke5 $14 Nd3+ 61. Kf6) 60... Nd6+ $11 61. Kxf4 Nxf7 62. Bb3 Ke7 63. Bxf7 Kxf7 64. Kg5 Kg7 65. Kf4 Kf6 66. Ke4 g5 (66... Ke6 $5) 67. hxg5+ Kxg5 68. Kf3 h4 69. Kg2 h3+ 70. Kh1 h2 71. Kg2 Kg4 72. Kh1 Kh3 1/2-1/2

[Event "American Cup Blitz 2024"]
[Site "Saint Louis"]
[Date "2024.03.21"]
[Round "7.9"]
[White "Bok, Benjamin"]
[Black "Hong, Andrew"]
[Result "1/2-1/2"]
[ECO "A10"]
[WhiteElo "2620"]
[BlackElo "2542"]
[Annotator "TA"]
[PlyCount "87"]
[EventDate "2024.03.21"]
[EventType "swiss"]
[EventCountry "USA"]
[SourceTitle "playchess.com"]
[Source "ChessBase"]
[SourceQuality "1"]
[TimeControl "180+2"]

1. c4 d6 2. g3 Bd7 3. Bg2 Qc8 4. Nc3 g6 5. d4 Bg7 6. h4 {[%emt 0:00:15] A10: English Opening: Unusual Replies for Black.} Nc6 7. Nf3 Nf6 8. O-O $146 ({Predecessor:} 8. Bg5 h6 9. Bf4 Ng4 10. Qd2 a5 11. e4 Nxd4 12. Nxd4 e5 13. Ndb5 exf4 14. gxf4 {0-1 Diaz Perez,M (2433)-Moroni,L (2574) Titled Tuesday intern op 23rd Aug Late blitz 2022 (2)}) 8... O-O 9. b3 e5 10. dxe5 Nxe5 11. Bb2 Bh3 12. Nxe5 dxe5 13. Qd3 Re8 14. Ne4 Bf5 15. Rfd1 Bxe4 16. Bxe4 c6 17. Bg2 Qe6 (17... e4 $15 18. Qd6 Qf5) 18. Qe3 (18. Qc2 $14) 18... Ng4 ({Black should play} 18... e4 $11 19. Bxf6 Bxf6) 19. Qd2 e4 20. e3 Qf5 21. Bxg7 Kxg7 22. Bh3 Re6 (22... Rad8 $11 23. Bxg4 Qxg4 24. Qc3+ Kg8) 23. Qe2 h5 24. Rd4 (24. Rd7 $16) 24... Rae8 $11 25. Rad1 R8e7 (25... g5 $11 {keeps the balance.}) 26. Rd8 $16 Rf6 27. Bxg4 hxg4 28. Qb2 Re5 $2 (28... Qe5 $16 29. Qxe5 Rxe5) 29. R1d6 (29. Ra8 $142) 29... Rxd6 $18 30. Rxd6 Kh7 {[%emt 0:00:02] [#]} 31. Rd7 $2 (31. Rd8 $3 $16 ) 31... Qxd7 $11 32. Qxe5 Qd1+ 33. Kg2 Qf3+ 34. Kg1 Qd1+ 35. Kh2 Qe2 36. Kg2 (36. Qxe4 $2 {perishes.} Qxf2+ 37. Qg2 Qxe3 $19) 36... Qxa2 37. Qf6 Kg8 38. Qd8+ Kg7 39. Qd4+ Kg8 40. Qd8+ Kg7 41. Qd4+ Kg8 42. Qd8+ Kg7 43. Qd4+ Kg8 44. Qd8+ 1/2-1/2

[Event "American Cup Blitz 2024"]
[Site "Saint Louis"]
[Date "2024.03.21"]
[Round "7.10"]
[White "Sargsyan, Anna M."]
[Black "Rosen, Eric"]
[Result "1/2-1/2"]
[ECO "B30"]
[WhiteElo "2377"]
[BlackElo "2361"]
[Annotator "TA"]
[PlyCount "156"]
[EventDate "2024.03.21"]
[EventType "swiss"]
[EventCountry "USA"]
[SourceTitle "playchess.com"]
[Source "ChessBase"]
[SourceQuality "1"]
[TimeControl "180+2"]

1. e4 c5 2. Nf3 Nc6 3. Bb5 e6 4. O-O Nge7 5. Re1 a6 6. Bf1 d5 7. Nc3 (7. exd5 $11 Nxd5 8. d4) 7... d4 $15 8. Ne2 g6 9. d3 {[%emt 0:00:03] Black has an edge.} Bg7 10. Ng3 e5 11. h3 O-O 12. Bd2 h6 13. Nh2 Kh7 14. f4 (14. a3 $15) 14... exf4 15. Bxf4 Be6 (15... f5 $17 {...fxe4 is the strong threat.} 16. exf5 Bxf5 (16... Nxf5 17. Nxf5 Rxf5 18. Bg3 $15)) 16. a3 b5 17. Be2 c4 18. Bg4 Qd7 19. Rf1 Ne5 20. Bxe6 Qxe6 21. Nf3 N7c6 22. Qd2 $2 {[%emt 0:00:13] [#]} (22. Nxe5 $11 {and White stays safe.} Nxe5 23. Ne2) 22... Nxf3+ $1 $19 23. Rxf3 {[%emt 0:00:02] [#]} g5 $1 24. Bxg5 hxg5 25. Qxg5 Ne5 ({Better is} 25... Qh6 $19 26. Qf5+ Qg6) 26. Rf5 $11 Rae8 27. Qh4+ Kg8 28. Nh5 Ng6 29. Qg5 Qe7 30. Qg4 (30. Rf6 $1 $11) 30... Qh4 $17 31. Qf3 (31. Qe2 $17) 31... Re5 32. Rf1 cxd3 33. cxd3 Rxf5 34. exf5 (34. Qxf5 $142 Be5 35. Rf2) 34... Ne5 $19 35. Qe2 Re8 {[%emt 0:00:06] Hoping for ...Bh6.} 36. Rf4 Qg5 37. f6 (37. b4 {is a better defense.}) 37... Bh6 $2 (37... Bf8 $19 {Threatens to win with ...Re6.} 38. Re4 Qf5) 38. Rg4 $1 $11 Nxg4 39. Qxe8+ Bf8 40. hxg4 Qxg4 {[%emt 0:00:03][%mdl 4096] Endgame. KQB-KQN} 41. Qe5 Bh6 {[%emt 0:00:04] Inhibits Nf4.} 42. Qe8+ Bf8 43. Qe5 Bh6 {[%emt 0:00:00] Against Nf4} 44. Qg3 Be3+ 45. Kf1 $132 {[%emt 0:00:01][%mdl 2048] White is fighting back} Qxg3 46. Nxg3 {[%emt 0:00:01] KB-KN} Bc1 47. b3 {[%emt 0:00:04] Strongly threatening a4.} Bxa3 48. Nf5 Bb2 49. Ke2 a5 50. Nd6 a4 51. bxa4 bxa4 {[%emt 0:00:00] White must now prevent ...a3.} 52. Kd2 a3 53. Kc2 Bc3 54. Kb3 Bb2 55. g4 Bc1 {[%emt 0:00:02] The position is equal.} 56. Ka2 Bb2 57. Kb3 Bc1 58. Nf5 Bb2 59. Nd6 Kf8 60. Ka2 Kg8 61. Kb3 Bc1 62. Ka2 Bg5 63. Ne4 (63. Kxa3 {simplifies} Bxf6 64. Kb3 Kg7 65. Kc4) 63... Bc1 64. Nd6 Bb2 65. Kb3 Kh7 66. Nxf7 Kg6 67. Ne5+ Kxf6 68. Nc4 Kg5 69. Nxa3 Bxa3 70. Kxa3 {[%emt 0:00:01] Kb4 would kill now.} Kxg4 {[%emt 0:00:00] ( -> ...Kf3). KP-KP} 71. Kb4 Kf4 72. Kc5 Ke5 $1 73. Kc4 Ke6 74. Kxd4 {[%emt 0:00:02] White threatens Kc5 and mate.} Kd6 75. Ke4 {[%emt 0:00:01] Intending Kd4 and mate.} Ke6 76. d4 Kd6 77. d5 Kd7 78. d6 Kxd6 {[%emt 0:00:01] White happily takes the draw.   Weighted Error Value: White=0.28 (precise) /Black=0.27 (precise) .  Missed win:     	---       	Black=1      Mistake:       	White=6     	Black=2      Inaccurate:     	White=3     	Black=3      OK:         	White=25    	Black=23     Best:        	White=6     	Black=14     Strong:       	White=1     	Black=1} 1/2-1/2